 Dungeon Crawl Stone Soup version 0.31-a0-963-ga325b2283a (webtiles) character file.

Game seed: 5655124035771097389

1301 BinkBink the Shooter (level 8, 0/42 HPs)
             Began as a Spriggan Hunter on Oct 25, 2023.
             Was an Initiate of Dithmenos.
             Slain by a bullfrog (4 damage)
             ... on level 6 of the Dungeon.
             The game lasted 00:06:50 (4754 turns).

BinkBink the Shooter (Spriggan Hunter)              Turns: 4754, Time: 00:06:51

Health: 0/42       AC:  2    Str:  7    XL:     8   Next: 31%
Magic:  9/9        EV: 21    Int: 11    God:    Dithmenos [......]
Gold:   217        SH:  0    Dex: 20    Spells: 7/7 levels left

rFire   + . .        a - +0 shortbow
rCold   . . .        (shield currently unavailable)
rNeg    . . .        c - +0 robe
rPois   .            (helmet restricted)
rElec   .            (no cloak)
rCorr   .            (gloves unavailable)
SInv    +            (boots unavailable)
Will    +....        (no amulet)
Stlth   ++++         d - ring of protection from fire
HPRegen 0.27/turn    (no ring)
MPRegen 0.11/turn

%: no passive effects
@: attractive, very quick
A: very small, no large weapons, unfitting armour, see invisible, speed 3
a: Renounce Religion


You were on level 6 of the Dungeon.
You worshipped Dithmenos.
Dithmenos was noncommittal.
You visited 2 branches of the dungeon, and saw 7 of its levels.

You collected 283 gold pieces.
You spent 66 gold pieces at shops.

Inventory:

Hand Weapons
 a - a +0 shortbow (weapon)
Armour
 c - a +0 robe (worn)
Jewellery
 d - a ring of protection from fire (left hand)
 q - a +6 ring of intelligence
Scrolls
 b - 2 scrolls of butterflies
 g - 3 scrolls of blinking {unknown}
 h - 2 scrolls of amnesia {unknown}
 i - 6 scrolls of identify
 m - 2 scrolls of fog {unknown}
 n - a scroll of teleportation {unknown}
Potions
 e - a potion of mutation {unknown}
 f - 2 potions of attraction
 j - a potion of heal wounds {unknown}
 k - a potion of curing {unknown}
 l - 2 potions of haste {unknown}
 o - 2 potions of cancellation
 p - a potion of ambrosia {unknown}
 r - a potion of magic {unknown}
 s - a potion of brilliance {unknown}


   Skills:
 + Level 4.0 Fighting
 * Level 7.6 Ranged Weapons
 + Level 6.4 Dodging
 + Level 7.0 Stealth


You had 7 spell levels left.
You didn't know any spells.
Your spell library contained the following spells:

 Spells                   Type           Power      Damage    Failure   Level
 Blink                    Tloc           0%         N/A       47%         2
 Lesser Beckoning         Tloc           0%         N/A       47%         2
 Momentum Strike          Conj/Tloc      0%         3d8       47%         2
 Sublimation of Blood     Necr           0%         N/A       47%         2
 Petrify                  Tmut/Erth      0%         N/A       98%         4
 Irradiate                Conj/Tmut      0%         3d11      100%        5


Dungeon Overview and Level Annotations

Branches:
Dungeon (6/15)             Temple (1/1) D:4

Altars:
Ashenzari
Dithmenos
Elyvilon
Gozag
Hepliaklqana
Kikubaaqudgha
Makhleb
Nemelex Xobeh
Okawaru
Ru
Uskayaw
Wu Jian
Xom
Zin
The Shining One

Shops:
D:2 =![*!

Portals:
Abyss: D:3

Annotations:
D:3 2 transporters, Drangen's ghost, amateur SpHu


Innate Abilities, Weirdness & Mutations

You are very small and have problems with some larger weapons.
You are too small for most types of armour.
You have supernaturally acute eyesight. (SInv)
You cover ground extremely quickly. (Speed+++)


Message History

The bullfrog attacks as it pursues you! The bullfrog closely misses you.
The bullfrog attacks as it pursues you! The bullfrog hits you.
The bullfrog attacks as it pursues you! The bullfrog hits you!
* * * LOW HITPOINT WARNING * * *
You are too injured to fight recklessly!
Fire: a) +0 shortbow
Press: ? - help, Shift-Dir - straight line, f/p - bullfrog
Aim: a bullfrog (severely wounded, 61% to hit)
You shoot an arrow. The arrow closely misses the bullfrog.
The bullfrog closely misses you.
Fire: a) +0 shortbow
Press: ? - help, Q - select action Shift-Dir - straight line, f/p - bullfrog
Aim: a bullfrog (severely wounded, 61% to hit)
You shoot an arrow.
The arrow hits the bullfrog but does no damage.
The bullfrog is severely wounded.
The bullfrog closely misses you.
The bullfrog releases a deep croak.
The bullfrog closely misses you.
Fire: a) +0 shortbow
Press: ? - help, Q - select action Shift-Dir - straight line, f/p - bullfrog
Aim: a bullfrog (severely wounded, 61% to hit)
You shoot an arrow. The arrow closely misses the bullfrog.
The bullfrog hits you.
* * * LOW HITPOINT WARNING * * *
Fire: a) +0 shortbow
Press: ? - help, Q - select action Shift-Dir - straight line, f/p - bullfrog
Aim: a bullfrog (severely wounded, 61% to hit)
You shoot an arrow. The arrow hits the bullfrog.
The bullfrog is severely wounded.
The bullfrog hits you.
* * * LOW HITPOINT WARNING * * *
The bullfrog misses you.
It was a potion of attraction.
You feel attractive to monsters. The bullfrog closely misses you.
It was a potion of cancellation.
Your magical effects are unravelling.
You feel magically purged. The bullfrog hits you.
You die...

#....##≈≈≈≈...#
####.##≈≈≈≈...#
#........#.#
####...#.#.#
###...#..
###.#### #....#
####.# #@# #F#
#.# #.# #
#####.####....
#........)....
....###.########
## #........
#########


You could see a bullfrog.

Vanquished Creatures
  A yak (D:6)
  2 black bears
  A sky beast (D:6)
  2 centaurs
  A phantom (D:4)
  A bullfrog (D:6)
  2 howler monkeys
  A jelly (D:4)
  An orc priest (D:6)
  4 hounds
  3 iguanas
  An orc wizard (D:6)
  A sleepcap (D:6)
  9 gnolls
  5 adders
  A white imp (D:6)
  A worm (D:3)
  2 dart slugs
  8 orcs
  2 endoplasms
  3 giant cockroaches
  6 goblins
  2 hobgoblins
  11 jackals
  A quokka (D:1)
  2 ball pythons (D:4)
  4 bats
  5 frilled lizards
  7 kobolds
  4 rats
94 creatures vanquished.

Notes
Turn   | Place    | Note
-------+----------+-------------------------------------------
     0 | D:1      | BinkBink the Spriggan Hunter began the quest for the Orb.
     0 | D:1      | Reached XP level 1. HP: 10/10 MP: 2/2
   143 | D:1      | Reached XP level 2. HP: 15/15 MP: 3/3
   380 | D:1      | Reached XP level 3. HP: 18/18 MP: 4/4
   867 | D:2      | Reached XP level 4. HP: 23/23 MP: 5/5
   902 | D:2      | Found Cadi's Distillery.
   966 | D:2      | Found Ovaseyn's Distillery.
   980 | D:2      | Found Jem Taec's General Store.
   983 | D:2      | Bought a scroll of identify for 22 gold pieces
   983 | D:2      | Bought a scroll of identify for 22 gold pieces
   983 | D:2      | Bought a scroll of identify for 22 gold pieces
  1002 | D:2      | Found Dyudd's Antique Armour Shoppe.
  1044 | D:2      | Found Qaqe's Jewellery Emporium.
  1283 | D:3      | Found a transporter.
  1465 | D:3      | Noticed a small abomination
  1491 | D:3      | Found a transporter.
  1603 | D:3      | Reached skill level 5 in Ranged Weapons
  1606 | D:3      | Reached XP level 5. HP: 27/27 MP: 6/6
  1681 | D:3      | Found a one-way gate to the infinite horrors of the Abyss.
  1681 | D:3      | Noticed Drangen's ghost (amateur SpHu)
  1920 | D:4      | Noticed a phantom
  1967 | D:4      | Killed a phantom
  2017 | D:4      | Reached XP level 6. HP: 32/32 MP: 7/7
  2523 | D:4      | Found a staircase to the Ecumenical Temple.
  2574 | Temple   | Entered the Ecumenical Temple
  2585 | Temple   | Became a worshipper of Dithmenos the Shadowed
  3091 | D:5      | Entered Level 5 of the Dungeon
  3194 | D:5      | Reached skill level 5 in Stealth
  3300 | D:5      | Reached skill level 5 in Dodging
  3341 | D:5      | Identified the +4 trident of the Seven People {pain, rElec
                  | rF+ Int+3 Stlth-}
  3516 | D:5      | Reached XP level 7. HP: 36/36 MP: 8/8
  4456 | D:6      | Noticed a yak
  4478 | D:6      | Killed a yak
  4479 | D:6      | Reached XP level 8. HP: 42/42 MP: 9/9
  4754 | D:6      | Slain by a bullfrog

Illustrated notes

Levels and vault maps discovered:
D:1:      dpeg_arrival_simpleton_b, layout_basic, minmay_crystal_room,
          fountainhead, corner_web_ring
D:2:      layout_basic, serial_shops, nicolae_square_shop, shop,
          nicolae_shop_statue_plus, shop_statue, nicolae_shop_real_fake_doors,
          wad_floor_pattern_untrapped, guppyfry_early_lair_pool
D:3:      layout_loops_cross, gammafunk_ghost_abyssal_escape,
          chequers_serial_rivers_micro_c
D:4:      layout_layer_cave, minmay_temple_entry_statues, wad_floor_pattern_2
D:5:      layout_cave_pods
D:6:      hangedman_cross_stitches, layout_loops_ring,
          trog_three_pillars_becter, gammafunk_temple_overflow_elements,
          nicolae_tricolors, uniq_duvessa
Temple:   nicolae_temple_bog_church

Skill      XL: |  1  2  3  4  5  6  7  8 |
---------------+-------------------------+-----
Dodging        | 3 4 5 6 |  6.4
Stealth        | 2 3 4 5 6 7 |  7.0
Fighting       | 2 3 4 |  4.0
Ranged Weapons | 5 6 7 |  7.6

Action                     |  1- 3 |  4- 6 |  7- 9 || total
---------------------------+-------+-------+-------++-------
   Fire: Shortbow          |    83 |   178 |   123 ||   384
    Use: Potion            |       |       |     2 ||     2
 Armour: Robe              |     9 |    11 |    28 ||    48
  Dodge: Dodged            |    36 |    32 |    47 ||   115

Table legend: (Time is in decaauts)
 A = Elapsed time spent in this place.
 B = Non-inter-level travel time spent in this place.
 C = Inter-level travel time spent in this place.
 D = Time resting spent in this place.
 E = Time spent auto-exploring this place.
 F = Levels seen in this place.
 G = Mean time per level.
                   A        B        C        D        E       F      G
               +--------+--------+--------+--------+--------+-----+--------+
         Total |   3324 |   3180 |    144 |     92 |   2387 |   7 |  474.9 |
       Dungeon |   3300 |   3179 |    121 |     92 |   2387 |   6 |  550.0 |
        Temple |     24 |      2 |     22 |      0 |      0 |   1 |   24.0 |
               +--------+--------+--------+--------+--------+-----+--------+

Top non-repeatable levels by time:
     D:4: 923 daAuts
     D:5: 743 daAuts
     D:1: 503 daAuts
     D:3: 415 daAuts
     D:6: 408 daAuts
     D:2: 306 daAuts
  Temple: 24 daAuts
